 Dungeon Crawl Stone Soup version 0.29-a0-529-gfa20dd96a1 (webtiles) character file.

Game seed: 6450519058137627753

3 hquester1 the Skirmisher (level 1, 0/18 HPs)
             Began as a Demonspawn Abyssal Knight on June 1, 2022.
             Was a Believer of Lugonu.
             Frozen to death by an endoplasm (5 damage)
             ... on level 1 of the Dungeon.
             The game lasted 00:00:35 (148 turns).

hquester1 the Skirmisher (Demonspawn Abyssal Knight) Turns: 148, Time: 00:00:36

Health: 0/18       AC:  3    Str: 13    XL:     1   Next: 41%
Magic:  2/2        EV: 11    Int: 11    God:    Lugonu [**....]
Gold:   11         SH:  0    Dex: 13    Spells: 0/0 levels left

rFire   . . .      SeeInvis .   a - +1 mace
rCold   . . .      Faith    .   (no shield)
rNeg    . . .      Spirit   .   b - +0 leather armour
rPois   .          Reflect  .   (no helmet)
rElec   .          Harm     .   (no cloak)
rCorr   .          Rampage  .   (no gloves)
Will    .....                   (no boots)
Stlth   +.........              (no amulet)
HPRegen 0.06/turn               (no ring)
MPRegen 0.08/turn               (no ring)

@: no status effects
A: no striking features
a: Renounce Religion, Depart the Abyss, Bend Space


You were on level 1 of the Dungeon.
You worshipped Lugonu.
Lugonu was pleased with you.
You visited 1 branch of the dungeon, and saw 1 of its levels.
You visited the Abyss 1 time.

You collected 11 gold pieces.

Inventory:

Hand Weapons
 a - a +1 mace (weapon)
Armour
 b - a +0 leather armour (worn)
Potions
 c - a potion of curing {unknown}


   Skills:
 + Level 3.0 Fighting
 + Level 1.8 Maces & Flails
 + Level 1.8 Armour
 + Level 1.0 Dodging
 + Level 2.5 Invocations


You couldn't memorise any spells.
You didn't know any spells.
Your spell library was empty.

Dungeon Overview and Level Annotations

Branches:
Dungeon (1/15)

Altars:


Message History

Found 12 gold pieces.
Found a stone staircase leading down.
A hobgoblin and an endoplasm come into view.
The hobgoblin shouts!
Found a stone staircase leading down.
The endoplasm quivers.
The hobgoblin hits you.
You hit the hobgoblin but do no damage. The hobgoblin closely misses you.
You closely miss the hobgoblin. The hobgoblin hits you.
The endoplasm closely misses you.
You barely miss the hobgoblin. The hobgoblin completely misses you.
The endoplasm closely misses you.
The endoplasm hits you but does no damage.
The hobgoblin hits you.
You hit the hobgoblin.
The hobgoblin is severely wounded.
The hobgoblin barely misses you. The endoplasm freezes you.
You are frozen.
You closely miss the hobgoblin.
The hobgoblin is severely wounded.
The endoplasm freezes you.
You are frozen.
The hobgoblin barely misses you.
You hit the hobgoblin.
You kill the hobgoblin!
Lugonu accepts your kill. The endoplasm freezes you.
You are frozen.
The endoplasm freezes you.
You are frozen.
* * * LOW HITPOINT WARNING * * *
Your Dodging skill increases to level 1!
You hit the endoplasm.
The endoplasm is lightly wounded.
The endoplasm hits you.
* * * LOW HITPOINT WARNING * * *
You barely miss the endoplasm.
The endoplasm is lightly wounded.
The endoplasm freezes you.
You are frozen.
You die...

#..##.#..## #
#........# ##.
#......#.#
##..####......#.###
..............#...#
....$.......†.....#
..............#...#
.........#####†..####
......!@.#....(......#
......J†.#.###...###.#
.........#.#.......#.#
>........#.#.⌠.#.⌠.#.#
.........#.....#.....#
..#.....##....###....#
#############..#..####
#..'.....'..#
#..###'###.<#


You could see an endoplasm.

Vanquished Creatures
  A ball python (D:1)
  A hobgoblin (D:1)
  A rat (D:1)
3 creatures vanquished.

Notes
Turn   | Place    | Note
-------+----------+-------------------------------------------
     0 | Abyss:1  | hquester1 the Demonspawn Abyssal Knight began the quest for
                  | the Orb.
     0 | Abyss:1  | Reached XP level 1. HP: 18/18 MP: 2/2
    84 | Abyss:1  | Noticed a sixfirhy
    85 | D:1      | Escaped the Abyss
   147 | D:1      | Reached skill level 1 in Dodging
   148 | D:1      | Frozen to death by an endoplasm

Illustrated notes

Levels and vault maps discovered:
D:1:      dpeg_arrival_court, layout_rooms

Skill      XL: |  1 |
---------------+----+-----
Dodging        | 1 |  1.0
Fighting       | |  3.0
Maces & Flails | |  1.8
Armour         | |  1.8
Invocations    | |  2.5

Action                   || total
-------------------------++-------
Melee: Mace              ||    12
Invok: Depart the Abyss  ||     1
Armor: Leather armour    ||     2
Dodge: Dodged            ||    10

Table legend: (Time is in decaauts)
 A = Elapsed time spent in this place.
 B = Non-inter-level travel time spent in this place.
 C = Inter-level travel time spent in this place.
 D = Time resting spent in this place.
 E = Time spent auto-exploring this place.
 F = Levels seen in this place.
 G = Mean time per level.
                   A        B        C        D        E       F      G
               +--------+--------+--------+--------+--------+-----+--------+
         Total |    151 |    151 |      0 |      0 |    103 |   2 |   75.5 |
       Dungeon |     66 |     66 |      0 |      0 |     22 |   1 |   66.0 |
         Abyss |     85 |     85 |      0 |      0 |     81 |   1 |   85.0 |
               +--------+--------+--------+--------+--------+-----+--------+

Top non-repeatable levels by time:
 Abyss:1: 85 daAuts
     D:1: 66 daAuts
